bs seek and destroy + zombies. at least 3x better stats in everything and still lost. relic stop killing the game. coh is already dead.

Match 29534669
End
Construct Infanterie Kompanie
Grenadier Squad
Selects Mechanized Battlegroup
Grenadier Squad
Grenadier Squad
MG 42 Machine Gun Team
Medical Station
Construct Luftwaffe Kompanie
Jäger Squad
Selects Raid Package
Construct Panzer Kompanie
Flak 30 Anti-aircraft Gun Team
Selects StuG Assault Group
Panzer IV Medium Tank
Stoßtruppen Squad
Selects UNKNOWN (2160084)
Selects Spotting Scopes
Selects Wespe Self-propelled Artillery
Wespe Self-propelled Artillery
Selects Mechanized Assault
Sturmpanzer IV Brummbär
Mechanized Assault
Wespe Self-propelled Artillery
Side Skirts
Mechanized Assault
Panzer IV Medium Tank
Pioneer Squad
Panzer Officer Quarters
Luftwaffe Officer Quarters
Wespe Self-propelled Artillery
Mechanized Assault
Panzer IV Medium Tank
Panther Heavy Tank
Sturmpanzer IV Brummbär
Mechanized Assault
Panzer IV Medium Tank
Pioneer Squad
Pioneer Squad
Pioneer Squad
BananaInPajamas
jiro
Rolling9Deep
Bego
0
0

Comments sign in to comment!

No comments posted yet!